 Seeded DCSS version 0.30.0-29-ga12c61a403 (webtiles) character file.

Game seed: 6558173710553986744 (custom seed)

102263 CInkIbrahim the Tortoise (level 16, -4/166 HPs)
             Began as a Gargoyle Fighter on June 23, 2023.
             Was the Champion of the Shining One.
             Slain by a meliai
             ... wielding a +0 hand axe
              (7 damage)
             ... on level 13 of the Dungeon.
             The game lasted 00:51:11 (21546 turns).

CInkIbrahim the Tortoise (Gargoyle Fighter)        Turns: 21546, Time: 00:51:12

Health: -4/166     AC: 32    Str: 25    XL:     16   Next: 32%
Magic:  13/24      EV:  2    Int:  9    God:    the Shining One [******]
Gold:   529        SH: 18    Dex: 11    Spells: 15/15 levels left

rFire   . . .        a - +8 trishula "Condemnation" {holy, anguish, *Noise Fly rN+}
rCold   + + .        F - +1 buckler {rC+}
rNeg    + + +        q - melded +17 crystal plate armour of Sauquhi {Int+4}
rPois   ∞            (helmet currently unavailable)
rElec   .            Q - melded +0 cloak
rCorr   .            G - melded +0 pair of gloves
SInv    .            m - melded +0 pair of boots of the Hunter {rPois rCorr Dex-2}
Will    ++...        r - amulet of regeneration
Stlth   +            I - ring of Enecoc {Wiz rC+ Will+ Dex+2}
HPRegen 1.27/turn    Y - ring of Erchaesask {+Blink rPois AC+4 Str-3 Slay+3}
MPRegen 0.19/turn

%: wizardry (x1)
@: divinely shielded, tree-form, glowing, studying 2 skills
A: stationary, stasis, torment immunity, boosted hp, sickness immunity, AC +12,
(big wings), negative energy resistance 1, (electricity resistance), torment
resistance 1, petrification resistance
a: Renounce Religion, Evoke Blink, Divine Shield, Cleansing Flame, Summon Divine
Warrior, Brand Weapon With Holy Wrath


You were on level 13 of the Dungeon.
You worshipped the Shining One.
The Shining One was exalted by your worship.
You were a tree.
You visited 4 branches of the dungeon, and saw 21 of its levels.
You visited the Abyss 1 time.
You also visited: Sewer, Gauntlet and Ice Cave.

You collected 2177 gold pieces.
You spent 1599 gold pieces at shops.
You donated 49 gold pieces to Zin.

Inventory:

Hand Weapons
 a - the +8 trishula "Condemnation" (weapon) {holy, anguish, *Noise Fly rN+}
   (You found it on level 3 of the Lair of Beasts)

   rN:        It protects you from negative energy.
   Fly:       It grants you flight.
   *Noise:    It may make noises in combat.
 t - a +0 bardiche of flaming
Missiles
 b - 45 poisoned darts (quivered)
Armour
 m - the +0 pair of boots of the Hunter (melded) {rPois rCorr Dex-2}
   (You bought it in a shop on level 9 of the Dungeon)

   Dex:       It affects your dexterity (-2).
   rPois:     It protects you from poison.
   rCorr:     It protects you from acid and corrosion.
 q - the +17 crystal plate armour of Sauquhi (melded) {Int+4}
   (You found it in a Gauntlet)

   Int:       It affects your intelligence (+4).
 u - the +4 ring mail of the Meager God {Drain rF+++ rC++ Int-2}
   (You found it on level 4 of the Lair of Beasts)

   Int:       It affects your intelligence (-2).
   rF:        It renders you almost immune to fire.
   rC:        It greatly protects you from cold.
   Drain:     It drains your maximum health when unequipped.
 w - a +4 ring mail of willpower
 F - a +1 buckler of cold resistance (worn)
 G - a +0 pair of gloves (melded)
 Q - a +0 cloak (melded)
Jewellery
 r - an amulet of regeneration (around neck)
 v - an amulet of the acrobat
 A - a +5 ring of evasion
 B - a ring of protection from fire
 D - an amulet of guardian spirit
 I - the ring of Enecoc (left branch) {Wiz rC+ Will+ Dex+2}
   (You found it in an ice cave)

   [ring of wizardry]

   It improves your spell success rate.
   Dex:       It affects your dexterity (+2).
   rC:        It protects you from cold.
   Will:      It increases your willpower.
 S - an amulet of faith
 Y - the ring of Erchaesask (right branch) {+Blink rPois AC+4 Str-3 Slay+3}
   (You bought it in a shop on level 2 of the Orcish Mines)

   [ring of protection]

   AC:        It affects your AC (+4).
   Str:       It affects your strength (-3).
   Slay:      It affects your accuracy & damage with ranged weapons and melee
   (+3).
   rPois:     It protects you from poison.
   +Blink:    It lets you blink.
Wands
 d - a wand of digging (13)
 j - a wand of light (25)
 s - a wand of paralysis (5)
 x - a wand of polymorph (8)
 N - a wand of mindburst (17)
 R - a wand of flame (33)
 T - a wand of roots (13)
Scrolls
 f - 3 scrolls of amnesia
 g - 2 scrolls of noise
 o - 10 scrolls of teleportation
 y - 3 scrolls of fog
 z - 2 scrolls of silence
 H - 3 scrolls of fear
 K - 4 scrolls of enchant weapon
 L - 2 scrolls of enchant armour
 M - 4 scrolls of vulnerability
 X - 2 scrolls of immolation
 Z - 2 scrolls of identify
Potions
 e - 5 potions of lignification
 h - 13 potions of curing
 i - 3 potions of ambrosia
 k - 7 potions of heal wounds
 l - 2 potions of haste
 n - a potion of resistance
 p - a potion of berserk rage
 C - a potion of might
 E - 2 potions of magic
 J - 3 potions of attraction
 O - 2 potions of mutation
 P - 2 potions of brilliance
 W - 4 potions of cancellation
Miscellaneous
 c - a phial of floods
 U - a box of beasts
 V - a lightning rod (4/4)


   Skills:
 * Level 16.5 Fighting
 - Level 14.0 Polearms
 * Level 16.6 Armour
 * Level 9.3 Shields
 + Level 11.9 Invocations


You had 15 spell levels left.
You didn't know any spells.
Your spell library contained the following spells:

 Spells                   Type           Power      Damage    Failure   Level
 Foxfire                  Conj/Fire      0%         2x1d4     17%         1
 Magic Dart               Conj           0%         1d3       17%         1
 Necrotise                Necr           0%         1d4       17%         1
 Sandblast                Erth           0%         2d4       17%         1
 Ensorcelled Hibernation  Hex/Ice        0%         N/A       26%         2
 Passwall                 Tmut/Erth      0%         N/A       26%         2
 Searing Ray              Conj           0%         2d4       26%         2
 Inner Flame              Hex/Fire       0%         N/A       45%         3
 Portal Projectile        Hex/Tloc       0%         N/A       45%         3
 Stone Arrow              Conj/Erth      0%         3d7       45%         3
 Swiftness                Air            0%         N/A       45%         3
 Tukima's Dance           Hex            0%         N/A       45%         3
 Vampiric Draining        Necr           0%         2d6       45%         3
 Animate Armour           Summ/Erth      0%         N/A       85%         4
 Fulminant Prism          Conj/Hex       0%         3d5       85%         4
 Agony                    Necr           0%         N/A       99%         5
 Blade Hands              Tmut           0%         N/A       99%         5
 Fireball                 Conj/Fire      0%         3d3       99%         5
 Yara's Violent Unravell  Hex/Tmut       0%         3d3       99%         5
 Plasma Beam              Fire/Air       0%         2x1d11    100%        6
 Starburst                Conj/Fire      0%         6d3       100%        6
 Enfeeble                 Hex            0%         N/A       100%        7
 Lehudib's Crystal Spear  Conj/Erth      0%         10d2      100%        8


Dungeon Overview and Level Annotations

Branches:
Dungeon (13/15)            Temple (1/1) D:4            Lair (5/5) D:8
 Shoals (0/4) Lair:2       Spider (0/4) Lair:3        Slime (0/5) Lair:5
    Orc (2/2) D:11            Elf (0/3) Orc:2         Sewer (visited)
  IceCv (visited)         Gauntlet (visited)
 Vaults: D:13-14

Altars:
Ashenzari
Cheibriados
Dithmenos
Elyvilon
Fedhas
Gozag
Hepliaklqana
Kikubaaqudgha
Makhleb
Nemelex Xobeh
Okawaru
Qazlal
Ru
Sif Muna
Trog
Uskayaw
Vehumet
Wu Jian
Xom
Yredelemnul
Zin
The Shining One

Shops:
D:1 =   D:4 (   D:9 [   Orc:2 (:!!=

Annotations:
Lair:5 exclusion: oklob plant


Innate Abilities, Weirdness & Mutations

You are a tree.
Your roots penetrate the ground, keeping you stationary.
You cannot be teleported.
You are immune to unholy pain and torment.
Your maximum health is greatly increased.
Your equipment is partially melded.
You are immune to sickness and miasma.
((Your stone body is resilient. (AC +12)))
You are immune to poison.
((Your large and strong wings let you fly.))
You resist negative energy. (rN+)
((You are resistant to electric shocks. (rElec)))
You are resistant to unholy torment.
You are immune to petrification.


Message History

* * * LOW HITPOINT WARNING * * *
The boulder beetle curls into a ball and begins rolling!
The meliai hits you but does no damage.
The meliai stings you but does no damage.
You are momentarily dazzled by a brilliant light.
The meliai hits you but does no damage. You block the meliai's attack.
The meliai invokes the aid of its god against you.
Something smites you!
* * * LOW HITPOINT WARNING * * *
The meliai calls down the wrath of its god upon you.
Something smites you!
* * * LOW HITPOINT WARNING * * *
Okay, then.
You feel much better. You block the meliai's attack.
The meliai stings you but does no damage.
The meliai invokes the aid of its god against you.
Something smites you!
* * * LOW HITPOINT WARNING * * *
You block the meliai's attack. x3
The meliai stings you but does no damage.
The meliai hits you but does no damage.
The meliai stings you but does no damage.
Really quaff the potion of lignification?
You turn into a tree.
Your +0 cloak melds into your body.
Your +0 pair of gloves melds into your body.
The +0 pair of boots of the Hunter {rPois rCorr Dex-2} melds into your body.
The +17 crystal plate armour of Sauquhi {Int+4} melds into your body.
Your roots penetrate the ground.
The meliai hits you but does no damage. The meliai stings you.
* * * LOW HITPOINT WARNING * * *
The meliai calls down the wrath of its god upon you.
Something smites you!
* * * LOW HITPOINT WARNING * * *
The meliai barely misses you.
The meliai hits your angel but does no damage.
You block the meliai's attack.
Your angel hits the meliai with a +3 whip of holy wrath!
Your angel barely misses the meliai.
You block the meliai's attack. The meliai barely misses your angel.
The meliai stings you!
You die...

###.....#..#####
##.#............##
##...†............# #
#............#...# ####
##....†..........#
...###..............##
...##........#.......##
##...........#..yy....#.
[###........###.♣yB○°°..
####........# #..A##....
...##......## ##.... ...
##..#......# #...).. [#
.......## ##.......
##!.#.....# .....(.
...#.....## #......
...... ....## .......


You could see a boulder beetle (rolling), 3 meliai and a friendly angel
(summoned).

Vanquished Creatures
  An Executioner (Abyss:2)
  A tentacled starspawn (Abyss:2)
  A frost giant (IceCv)
  A very ugly thing (Abyss:2)
  Azrael (D:12)
  4 dire elephants (Lair:5)
  A minotaur (D:13)
  Erolcha (Orc:1)
  3 ogre magi
  5 hydras
  2 catoblepae
  9 two-headed ogres
  5 death yaks
  4 boulder beetles
  3 centaur warriors
  A thrashing horror (Abyss:2)
  2 skeletal warriors (D:12)
  A spectral death yak (Lair:5)
  2 wretched stars (Abyss:2)
  2 skysharks (Lair:3)
  A spectral anaconda (Lair:5)
  A glowing orange brain (Abyss:2)
  2 deep trolls
  2 deep elf pyromancers
  An obsidian statue (Lair:5)
  3 necromancers (Lair:5)
  4 ugly things
  3 cyclopes
  A worldbinder (Abyss:2)
  A manticore (D:12)
  An ice statue (IceCv)
  A guardian serpent (shapeshifter) (Abyss:2)
  27 elephants
  A rust devil (Abyss:2)
  Maurice (Orc:2)
  5 black mambas
  9 cane toads
  A gargoyle (D:11)
  5 rime drakes
  A yaktaur (D:13)
  8 komodo dragons
  2 unseen horrors (Abyss:2)
  2 kobold demonologists (D:12)
  An ancient zyme (Abyss:2)
  A meliai (Lair:3)
  17 polar bears
  A spectral elephant (Lair:5)
  12 trolls
  Grinder (D:3)
  Prince Ribbit (D:8)
  6 large abominations
  17 blink frogs
  A raiju (Gauntlet)
  8 slime creatures
  2 centaur simulacra (Gauntlet)
  A shadow (D:10)
  2 water elementals (D:12)
  7 wyverns
  A vampire (D:12)
  A wraith (D:12)
  43 yaks
  Eustachio (D:5)
  3 fire elementals
  4 basilisks
  2 steam dragons
  A death yak simulacrum (Lair:5)
  3 wargs (Orc:2)
  3 vampire mosquitoes (D:12)
  Edmund (D:5)
  15 water moccasins
  6 acid dragons
  4 hell hounds
  Duvessa (D:6)
  3 sky beasts (D:7)
  Pargi (Sewer)
  An ice beast (D:4)
  12 orc warriors
  2 black bears (D:8)
  22 ogres
  33 wolves
  3 centaurs
  6 kobold brigands
  2 phantoms
  19 bullfrogs
  A cane toad simulacrum (Lair:5)
  2 scorpions (D:5)
  Dowan (D:6)
  8 small abominations
  5 wights (D:9)
  A hornet simulacrum (Gauntlet)
  2 elephant simulacra (Lair:5)
  10 killer bees
  4 electric eels
  6 howler monkeys
  A crimson imp (Abyss:2)
  3 hounds
  6 orc priests
  5 jellies
  8 iguanas
  A sleepcap (D:7)
  Ijyb (D:3)
  Natasha (thrice) (D:2)
  16 orc wizards
  A lightning spire (Gauntlet)
  13 gnolls
  5 adders
  A shadow imp (D:7)
  13 white imps
  5 worms
  4 dart slugs
  66 orcs
  5 ball pythons
  11 bats
  7 endoplasms
  4 giant cockroaches
  5 goblins
  7 hobgoblins
  8 jackals
  32 kobolds
  4 quokkas
  3 training dummies (D:4)
  A frilled lizard (D:1)
  2 rats
685 creatures vanquished.

Vanquished Creatures (others)
  A minotaur (Gauntlet)
  A hydra (Lair:5)
  2 death yaks (Lair:4)
  A skeletal warrior (D:12)
  A cyclops (Orc:2)
  3 elephants (Lair:4)
  A blink frog (Lair:5)
  A basilisk (Lair:5)
  A water moccasin (Lair:5)
  An ogre (Orc:2)
  An orc priest (D:11)
  An adder (D:6)
  An orc (D:3)
  A spectral weapon (Lair:3)
  2 starspawn tentacles (Abyss:2)
19 creatures vanquished.

Grand Total: 704 creatures vanquished

Notes
Turn   | Place    | Note
-------+----------+-------------------------------------------
     0 | D:1      | CInkIbrahim the Gargoyle Fighter began the quest for the
                  | Orb.
     0 | D:1      | Reached XP level 1. HP: 14/14 MP: 1/1
    63 | D:1      | Reached XP level 2. HP: 14/19 MP: 2/2
   218 | D:1      | Reached XP level 3. HP: 21/23 MP: 3/3
   542 | D:1      | Found Nialiysu's Jewellery Shop.
  1116 | D:2      | Reached XP level 4. HP: 18/28 MP: 4/4
  1301 | D:2      | Noticed Natasha
  1337 | D:2      | Killed Natasha
  1530 | D:2      | Noticed Natasha
  1545 | D:2      | Killed Natasha
  1618 | D:2      | Reached XP level 5. HP: 32/32 MP: 5/5
  1687 | D:2      | Found a faded altar of an unknown god.
  1687 | D:2      | Noticed a ynoxinul
  1835 | D:2      | Noticed Natasha
  1846 | D:2      | Killed Natasha
  2051 | D:3      | Found a glowing drain.
  2089 | Sewer    | Entered a sewer
  2102 | Sewer    | Reached skill level 5 in Polearms
  2122 | Sewer    | Noticed Pargi
  2131 | Sewer    | Killed Pargi
  2132 | Sewer    | Reached XP level 6. HP: 37/37 MP: 6/6
  2383 | D:3      | Identified the +1 mace of Hyeveqaw {heavy, rCorr Dex+3}
  2544 | D:3      | Noticed Grinder
  2553 | D:3      | Noticed Ijyb
  2562 | D:3      | Killed Ijyb
  2565 | D:3      | Killed Grinder
  2566 | D:3      | Reached XP level 7. HP: 36/41 MP: 7/7
  3321 | D:4      | Found Dagal's Firing Range.
  3412 | D:4      | Found a staircase to the Ecumenical Temple.
  3424 | Temple   | Entered the Ecumenical Temple
  3909 | Temple   | Became a worshipper of Zin the Law-Giver
  3909 | Temple   | Reached * piety under Zin
  4176 | D:4      | Reached ** piety under Zin
  4326 | D:5      | Entered Level 5 of the Dungeon
  4516 | D:5      | Reached XP level 8. HP: 31/46 MP: 4/8
  4833 | D:5      | Noticed Edmund
  4842 | D:5      | Killed Edmund
  5002 | D:5      | Noticed Eustachio
  5015 | D:5      | Killed Eustachio
  5790 | D:6      | Reached skill level 10 in Polearms
  5869 | D:6      | Reached XP level 9. HP: 51/51 MP: 9/9
  5953 | D:6      | Noticed Dowan
  5962 | D:6      | Killed Dowan
  5964 | D:6      | Noticed Duvessa
  5977 | D:6      | Killed Duvessa
  6100 | D:6      | Reached *** piety under Zin
  6674 | D:7      | Found a white marble altar of Elyvilon.
  6674 | D:7      | Found a glowing golden altar of the Shining One.
  6678 | D:7      | Fell from the grace of Zin
  6678 | D:7      | Became a worshipper of the Shining One
  6678 | D:7      | Reached * piety under the Shining One
  6784 | D:7      | Reached ** piety under the Shining One
  7007 | D:7      | Identified the +2 robe of the Land of Plenty {rPois rF+ rC-
                  | Regen+}
  7400 | D:8      | Noticed Prince Ribbit
  7404 | D:8      | Killed Prince Ribbit
  7405 | D:8      | Reached XP level 10. HP: 44/56 MP: 7/10
  7707 | D:8      | Found a staircase to the Lair.
  8100 | Lair:1   | Entered Level 1 of the Lair of Beasts
  8136 | Lair:1   | Reached skill level 1 in Invocations
  8388 | Lair:1   | Noticed a cane toad
  8394 | Lair:1   | Killed a cane toad
  8665 | Lair:1   | Reached skill level 5 in Armour
  8712 | Lair:1   | Reached XP level 11. HP: 38/62 MP: 6/13
  8841 | Lair:2   | Reached skill level 5 in Fighting
  9034 | Lair:2   | Found a staircase to the Shoals.
  9199 | Lair:2   | Reached *** piety under the Shining One
  9528 | Lair:2   | Noticed a catoblepas
  9548 | Lair:2   | Killed a catoblepas
  9814 | Lair:2   | Reached skill level 5 in Invocations
 10173 | Lair:2   | Reached XP level 12. HP: 65/75 MP: 12/16
 10739 | Lair:3   | Noticed a skyshark
 10747 | Lair:3   | Killed a skyshark
 10792 | Lair:3   | Found a hole to the Spider Nest.
 11026 | Lair:3   | Noticed a boulder beetle
 11031 | Lair:3   | Noticed a skyshark
 11037 | Lair:3   | Killed a boulder beetle
 11042 | Lair:3   | Killed a skyshark
 11110 | Lair:3   | Reached skill level 10 in Armour
 11388 | Lair:3   | Reached skill level 10 in Fighting
 11411 | Lair:3   | Noticed a boulder beetle
 11411 | Lair:3   | Found the +8 trishula "Condemnation" {holy, anguish, *Noise
                  | Fly rN+}
 11461 | Lair:3   | Killed a boulder beetle
 12208 | Lair:4   | Noticed a death yak
 12208 | Lair:4   | Noticed a death yak
 12209 | Lair:4   | Noticed a death yak
 12209 | Lair:4   | Noticed a death yak
 12209 | Lair:4   | Noticed a death yak
 12221 | Lair:4   | Noticed a death yak
 12228 | Lair:4   | Killed a death yak
 12234 | Lair:4   | Killed a death yak
 12241 | Lair:4   | Killed a death yak
 12242 | Lair:4   | Reached XP level 13. HP: 81/84 MP: 18/18
 12592 | Lair:4   | Identified the +4 ring mail of the Meager God {Drain rF+++
                  | rC++ Int-2}
 13413 | Lair:5   | Entered Level 5 of the Lair of Beasts
 13710 | Lair:5   | Gained mutation: Your large and strong wings let you fly.
                  | [Gargoyle growth]
 13710 | Lair:5   | Reached XP level 14. HP: 91/94 MP: 20/20
 13895 | Lair:5   | Reached **** piety under the Shining One
 14065 | Lair:5   | Noticed a dire elephant
 14065 | Lair:5   | Noticed a dire elephant
 14065 | Lair:5   | Noticed a dire elephant
 14300 | Lair:5   | Found a staircase to the Slime Pits.
 14381 | Lair:5   | Noticed a dire elephant
 14408 | Lair:5   | Killed a dire elephant
 14573 | Lair:5   | Killed a dire elephant
 14579 | Lair:5   | Killed a dire elephant
 14585 | Lair:5   | Killed a dire elephant
 14744 | Lair:5   | Identified the +1 troll leather armour of Tomorrow {rElec
                  | rC+ Regen+}
 14768 | Lair:5   | Reached skill level 10 in Invocations
 15136 | D:9      | Reached ***** piety under the Shining One
 15157 | D:9      | Identified the +0 robe of the Harvest Moon {Dex+2}
 15459 | D:9      | Found Riuxes's Antique Armour Shoppe.
 15693 | D:10     | Entered Level 10 of the Dungeon
 16324 | D:9      | Bought a pair of dazzling boots for 304 gold pieces
 16324 | D:9      | Identified the +0 pair of boots of the Hunter {rPois rCorr
                  | Dex-2} (You bought it in a shop on level 9 of the Dungeon)
 16401 | D:11     | Found a gate leading to a gauntlet.
 16415 | Gauntlet | Entered a Gauntlet
 16415 | Gauntlet | Found a transporter.
 16424 | Gauntlet | Found a transporter.
 16441 | Gauntlet | Found a transporter.
 16448 | Gauntlet | Found a transporter.
 16463 | Gauntlet | Found a transporter.
 16482 | Gauntlet | Found a transporter.
 16496 | Gauntlet | Found a transporter.
 16510 | Gauntlet | Found a transporter.
 16526 | Gauntlet | Found a transporter.
 16538 | Gauntlet | Noticed a reaper
 16542 | Gauntlet | Found a transporter.
 16561 | Gauntlet | Found a transporter.
 16561 | Gauntlet | Found a transporter.
 16581 | Gauntlet | Found a transporter.
 16621 | Gauntlet | Found a transporter.
 16700 | Gauntlet | Found a transporter.
 16728 | Gauntlet | Found a transporter.
 16730 | Gauntlet | Found a transporter.
 16750 | Gauntlet | Found a transporter.
 17036 | Gauntlet | Identified the +17 crystal plate armour of Sauquhi {Int+4}
 17206 | Gauntlet | Identified the +5 ring mail "Uteel" {Harm +Inv Str+4 Int+4}
 17589 | D:11     | Found a staircase to the Orcish Mines.
 17648 | D:11     | Found a bloodstained altar of Trog.
 17786 | D:11     | Found a shadowy altar of Dithmenos.
 17850 | D:11     | Identified the +1 chain mail of Loss {Slay+3}
 17908 | Orc:1    | Entered Level 1 of the Orcish Mines
 17964 | Orc:1    | Noticed Erolcha
 17969 | Abyss:2  | Cast into level 2 of the Abyss (Erolcha)
 17990 | Abyss:2  | Found an iron altar of Okawaru.
 18010 | Abyss:2  | Found a corrupted altar of Lugonu.
 18012 | Abyss:2  | Found a corrupted altar of Lugonu.
 18012 | Abyss:2  | Found a corrupted altar of Lugonu.
 18023 | Abyss:2  | Noticed an Executioner
 18031 | Abyss:2  | Killed an Executioner
 18032 | Abyss:2  | Reached skill level 15 in Armour
 18032 | Abyss:2  | Reached skill level 5 in Shields
 18032 | Abyss:2  | Reached XP level 15. HP: 100/101 MP: 22/22
 18108 | Abyss:2  | Found a corrupted altar of Lugonu.
 18127 | Abyss:2  | Reached skill level 15 in Fighting
 18179 | Abyss:2  | Reached ****** piety under the Shining One
 18236 | Abyss:2  | Noticed a tentacled starspawn
 18243 | Abyss:2  | Killed a tentacled starspawn
 18292 | Orc:1    | Escaped the Abyss
 18297 | Orc:1    | Killed Erolcha
 18483 | Orc:2    | Entered Level 2 of the Orcish Mines
 18506 | Orc:2    | Noticed Maurice
 18546 | Orc:2    | Killed Maurice
 18594 | Orc:2    | Paralysed by an ogre mage for 3 turns
 18912 | Orc:2    | Found a staircase to the Elven Halls.
 18948 | Orc:2    | Found Heck's Antique Weapon Boutique.
 18951 | Orc:2    | Found Qonerira's Book Shoppe.
 18957 | Orc:2    | Found Usemoj's Distillery.
 18958 | Orc:2    | Found Faishropo's Distillery.
 19146 | Orc:2    | Found Zyirghaot's Jewellery Boutique.
 19150 | Orc:2    | Bought the ring of Erchaesask {+Blink rPois AC+4 Str-3
                  | Slay+3} for 847 gold pieces
 19284 | Orc:2    | Bought a potion of berserk rage for 60 gold pieces
 19284 | Orc:2    | Bought a potion of curing for 36 gold pieces
 19284 | Orc:2    | Bought a potion of curing for 36 gold pieces
 19284 | Orc:2    | Bought a potion of heal wounds for 60 gold pieces
 19291 | Orc:2    | Bought a potion of curing for 48 gold pieces
 19291 | Orc:2    | Bought a potion of curing for 48 gold pieces
 19291 | Orc:2    | Bought a potion of heal wounds for 80 gold pieces
 19291 | Orc:2    | Bought a potion of heal wounds for 80 gold pieces
 19437 | Orc:1    | You are sucked into a shaft and drop 1 floor!
 19958 | D:12     | Found a frozen archway.
 19980 | IceCv    | Entered an ice cave
 20082 | IceCv    | Reached XP level 16. HP: 110/110 MP: 24/24
 20349 | IceCv    | Identified a scroll of acquirement
 20349 | IceCv    | Acquired a manual of Invocations
 20358 | IceCv    | Identified the ring of Enecoc {Wiz rC+ Will+ Dex+2}
 21198 | D:13     | Noticed Azrael
 21351 | D:12     | Killed Azrael
 21436 | D:13     | Found the +18 Lear's hauberk
 21544 | D:13     | HP: 2/111 [meliai/divine providence (11)]
 21546 | D:13     | Slain by a meliai

Illustrated notes

Levels and vault maps discovered:
D:1:      onia_arrival_pentagram, layout_basic, serial_shops, shop,
          serial_forest, infiniplex_forest_lined_room_2,
          infiniplex_forest_zigzag_1, infiniplex_forest_clump_diagonal,
          infiniplex_forest_end_2, infiniplex_forest_straight_1,
          infiniplex_forest_clump_double, nrook_mini_backslash
D:2:      layout_basic, dreamdust_ecumenical_altar_sealed_demon, uniq_natasha
D:3:      layout_loops_corners, cheibrodos_sewer_entry_drain, uniq_grinder,
          uniq_ijyb
D:4:      layout_basic, temple_fountains, nicolae_shop_firing_range
D:5:      layout_layer_cave, uniq_edmund, uniq_eustachio
D:6:      layout_rooms, uniq_duvessa
D:7:      layout_loops_ring, gammafunk_temple_overflow_wave
D:8:      layout_cave_pools, minmay_lair_entry_grove, hangedman_decor_growths,
          uniq_prince_ribbit1
D:9:      layout_gridville, solitary_fountain, nicolae_take_the_stairs,
          chequers_serial_rivers_small_b
D:10:     layout_roguey
D:11:     layout_basic, hiddenorc1_lemuel, gauntlet_entry_generic,
          hangedman_feature_mirror
D:12:     layout_basic, portal_ice_cave_entry_imps
D:13:     minmay_diamond_stairs, layout_cave_pools, st_stairs_2,
          hellmonk_guarded_unrand_lears, uniq_azrael
Temple:   mainiacjoe_temple_big_plus
Lair:1:   layout_big_grid, serial_bayou_shore_b
Lair:2:   layout_small_grid, elwin_shoals_entry_rocks,
          nicolae_lair_grazing_beasts [nicolae_sub_lair_graze_edge,
          nicolae_sub_lair_graze_edge, nicolae_sub_lair_graze_edge,
          nicolae_sub_lair_graze_edge]
Lair:3:   layout_long_grid, hellmonk_spider_entry_not_the_bees, nzn_random_ring
Lair:4:   beast_lair_carwin_large_3, layout_hall_layers
Lair:5:   due_jungle_book, layout_big_grid, minmay_slime_entry_oklob_open
Orc:1:    layout_caves, lightli_orcish_oven, uniq_erolcha
Orc:2:    st_orc_open, layout_caves, serial_shops, nicolae_shop_back_alley_shop,
          uniq_maurice

Skill      XL: |  1  2  3  4  5  6  7  8  9 10 11 12 13 14 15 16 |
---------------+-------------------------------------------------+-----
Polearms       | 2 3 4 5 7 8 10 12 14 | 14.0
Invocations    | 2 5 7 9 10 11 | 11.9
Armour         | 5 8 11 13 15 16 | 16.6
Fighting       | 4 8 10 13 14 16 | 16.5
Shields        | 5 8 9 |  9.3

Action                     |  1- 3 |  4- 6 |  7- 9 | 10-12 | 13-15 | 16-18 || total
---------------------------+-------+-------+-------+-------+-------+-------++-------
  Melee: Trident           |   133 |    88 |       |       |       |       ||   221
         Quarterstaff      |       |    41 |   295 |   512 |       |       ||   848
         Trishula          |       |       |       |    30 |  1199 |   223 ||  1452
  Throw: Throwing net      |       |       |       |     1 |       |       ||     1
 Invoke: Divine Shield     |       |       |       |     2 |     1 |     1 ||     4
         Summon Divine War |       |       |       |       |       |     1 ||     1
  Evoke: Wand              |       |       |       |       |     3 |       ||     3
    Use: Potion            |       |     5 |     1 |     2 |     2 |     3 ||    13
         Scroll            |       |     6 |     9 |     6 |     6 |     1 ||    28
 Armour: Scale mail        |    43 |    81 |   113 |    55 |       |       ||   292
         Skin              |       |    15 |       |       |       |     1 ||    16
         Ring mail         |       |       |       |   206 |   181 |       ||   387
         Crystal plate arm |       |       |       |       |   339 |   135 ||   474
  Dodge: Dodged            |    56 |    70 |   169 |   357 |   437 |    53 ||  1142
  Block: Buckler           |    12 |    19 |       |     4 |   206 |    46 ||   287
         Other             |       |       |       |     9 |       |       ||     9
